Griffins vs Wolfpack

Created - November 18, 2025 at 21:49

Goals
1 2 3 T
Griffins 0 1 2 3
Wolfpack 3 2 0 5
Shots
1 2 3 T
Griffins 6 16 9 31
Wolfpack 12 12 8 32

1st period

1. Wolfpack , Jake Marchment 3 (Andrei Altybarmakyan 3, Cale Fleury 3) at 2:21
2. Wolfpack , Dryden Hunt 3 (Nolan Patrick 6) at 15:48
3. Wolfpack , Jake Marchment 4 (Andrei Altybarmakyan 4, Shane Pinto 1) at 18:20

Penalties :
Dryden Hunt (Har) for Hooking (Minor) at 4:15, Samuel Poulin (Gra) for Hooking (Minor) at 6:57, Kale Clague (Gra) for Cross-checking (Minor) at 12:24, Grigori Denisenko (Gra) for Hooking (Minor) at 16:11

2nd period

4. Wolfpack , Jake Marchment 5 (Yegor Korshkov 4, Dylan Samberg 2) at 6:35
5. Griffins , Pavel Kraskovsky 8 (Yegor Sharangovich 4) at 16:32
6. Wolfpack , Alexander Volkov 1 (Linus Sandin 3, Alexander Barabanov 5) at 17:17

Penalties :
No Penalty

3rd period

7. Griffins , Grigori Denisenko 3 (Joonas Lyytinen 4) at 0:16
8. Griffins , Will Cuylle 1 (Kale Clague 2, Jack Studnicka 3) at 9:00

Penalties :
Dryden Hunt (Har) for Tripping (Minor) at 9:23

Goalie Stats

Ivan Prosvetov (Gra), 19 saves from 24 shots - (0.792), L, 0-1-0, 37:17 minutes
Adam Werner (Gra), 8 saves from 8 shots - (1.000), 22:43 minutes
Samuel Ersson (Har), 28 saves from 31 shots - (0.903), W, 4-0-0, 60:00 minutes

Players Stats for Griffins

Player Name              G  A  P  +/- PIM S  H  SB GA TA FO     MP     PP MP  PK MP  
------------------------------------------------------------------------------------
                         0  0  0   0  0   0  0  0  0  0  0/0     0:00   0:00   0:00 
                         0  0  0   0  0   0  0  0  0  0  0/0     0:00   0:00   0:00 
                         0  0  0   0  0   0  0  0  0  0  0/0     0:00   0:00   0:00 
                         0  0  0   0  0   0  0  0  0  0  0/0     0:00   0:00   0:00 
                         0  0  0   0  0   0  0  0  0  0  0/0     0:00   0:00   0:00 
                         0  0  0   0  0   0  0  0  0  0  0/0     0:00   0:00   0:00 
Alex Laferriere          0  0  0  -1  0   0  2  0  0  0  0/0    14:56   0:00   0:00 
Anton Blidh              0  0  0  -1  0   3  3  0  1  0  1/2    20:30   3:12   2:15 
Anton Lundell            0  0  0  -1  0   2  1  1  0  0  2/7    11:59   0:00   0:44 
Braden Schneider         0  0  0  -1  0   0  0  1  0  0  0/0    12:24   0:00   2:19 
Brycen Martin            0  0  0   0  0   0  0  0  0  0  0/0     4:23   0:00   0:00 
Grigori Denisenko        1  0  1   0  2   3  2  0  0  0  0/2    17:22   0:46   0:00 
Jack Studnicka           0  1  1  -1  0   2  1  0  0  0  0/0    11:46   0:46   0:00 
Joonas Lyytinen          0  1  1   0  0   0  3  1  0  0  0/0    24:18   0:46   3:34 
Kale Clague              0  1  1   1  2   3  1  1  0  1  0/0    23:32   3:12   0:49 
Michael Bunting          0  0  0   0  0   1  0  0  0  0  0/0     8:00   0:00   0:38 
Morgan Frost             0  0  0  -1  0   3  0  1  3  1  3/4    17:58   0:46   2:17 
Pavel Kraskovsky         1  0  1   1  0   6  1  0  2  0  17/35  22:00   3:12   2:15 
Philip Broberg           0  0  0  -1  0   2  0  0  0  3  0/0    18:24   0:00   2:23 
Samuel Poulin            0  0  0   0  2   0  0  0  0  0  0/0     7:10   0:00   0:00 
Sebastian Ahaut          0  0  0  -2  0   2  0  1  1  0  0/0    21:54   3:12   2:12 
Simon Benoit             0  0  0  -1  0   0  0  1  0  1  0/0    15:07   0:46   0:37 
Viktor Lodin             0  0  0  -1  0   1  1  0  0  1  0/3     8:37   0:00   1:00 
Will Cuylle              1  0  1  -2  0   1  1  1  0  0  0/0    12:22   0:00   1:12 
Yegor Sharangovich       0  1  1   1  0   2  1  0  0  0  2/3    21:18   3:12   1:33 

Players Stats for Wolfpack

Player Name              G  A  P  +/- PIM S  H  SB GA TA FO     MP     PP MP  PK MP  
------------------------------------------------------------------------------------
                         0  0  0   0  0   0  0  0  0  0  0/0     0:00   0:00   0:00 
                         0  0  0   0  0   0  0  0  0  0  0/0     0:00   0:00   0:00 
                         0  0  0   0  0   0  0  0  0  0  0/0     0:00   0:00   0:00 
                         0  0  0   0  0   0  0  0  0  0  0/0     0:00   0:00   0:00 
                         0  0  0   0  0   0  0  0  0  0  0/0     0:00   0:00   0:00 
                         0  0  0   0  0   0  0  0  0  0  0/0     0:00   0:00   0:00 
                         0  0  0   0  0   0  0  0  0  0  0/0     0:00   0:00   0:00 
Alex Barre-Boulet        0  0  0   0  0   1  0  0  0  1  3/6    14:11   2:41   0:00 
Alexander Barabanov      0  1  1   0  0   2  5  0  0  0  1/2    18:27   2:38   2:14 
Alexander Volkov         1  0  1   0  0   2  2  0  0  0  0/0    11:20   0:00   0:00 
Andrei Altybarmakyan     0  2  2   3  0   0  1  0  1  0  0/0     8:08   0:00   0:00 
Andrew Peeke             0  0  0   1  0   1  1  0  0  1  0/0    18:16   0:00   2:10 
Cale Fleury              0  1  1   0  0   1  0  2  1  1  0/0    26:24   4:01   1:48 
Dante Fabbro             0  0  0   1  0   0  2  0  0  0  0/0    13:21   0:00   0:00 
Dryden Hunt              1  0  1  -1  4   4  4  0  0  0  2/2    18:59   2:01   0:00 
Dylan Samberg            0  1  1   1  0   1  0  1  0  0  0/0    13:21   0:00   0:00 
Jake Marchment           3  0  3   3  0   5  2  1  0  0  2/3    10:54   0:14   2:00 
Joshua Jacobs            0  0  0   1  0   0  1  3  0  1  0/0    20:15   1:56   2:10 
K'Andre Miller           0  0  0   0  0   2  0  1  0  1  0/0    26:24   4:01   1:48 
Linus Sandin             0  1  1   0  0   3  0  1  0  1  0/0    13:53   0:08   0:00 
Nolan Patrick            0  1  1  -1  0   3  4  0  1  0  18/33  22:28   3:11   2:25 
Owen Tippet              0  0  0  -1  0   1  0  0  1  1  1/2    19:57   3:08   0:00 
Shane Pinto              0  1  1   0  0   3  0  0  1  0  0/1    13:47   2:41   0:00 
Tim Stutzle              0  0  0   0  0   3  0  0  2  0  4/7    17:41   3:05   1:11 
Yegor Korshkov           0  1  1   3  0   0  0  0  0  0  0/0     8:14   0:00   0:06 

3 Stars

1 - Jake Marchment (Har)
2 - Andrei Altybarmakyan (Har)
3 - Alexander Volkov (Har)

Power Play

Griffins - 0 on 2 Attempt(s) - 0.00%
Wolfpack - 0 on 3 Attempt(s) - 0.00%

Penalty Kill

Griffins - 3 on 3 Attempt(s) - 100.00% - Score 0 goal in Penalty Kill
Wolfpack - 2 on 2 Attempt(s) - 100.00% - Score 0 goal in Penalty Kill

Team Stat

Griffins - Hits : 17 - Faceoff Wins : 25 - Blocked Shots : 8 - Penalty Minutes : 6
Wolfpack - Hits : 22 - Faceoff Wins : 31 - Blocked Shots : 9 - Penalty Minutes : 4

Official

Referees : Reid Anderson and Pierre Lambert
Linesman : Pierre Racicot and Greg Devorski

Game Notes

Jake Marchment has scored a Hat Trick!
Adam Werner enters game at 17:17 of 2nd period

Finance

Level 1 -- Attendance: 1858 (92.90%) -- Ticket Income $130,060
Level 2 -- Attendance: 853 (85.30%) -- Ticket Income $34,120
Total Attendance: 2711 (90.37%)
Total Ticket Income: $164,180
Other Income: $8,209
Total Income: $172,389

Griffins

5 vs 5 Forward 
   Center                   Left Wing                Right Wing               Time % Phy DF OF 
 1 Pavel Kraskovsky         Grigori Denisenko        Yegor Sharangovich       40     1   2  2  
 2 Morgan Frost             Anton Blidh              Alex Laferriere          30     1   2  2  
 3 Anton Lundell            Will Cuylle              Jack Studnicka           20     1   2  2  
 4 Viktor Lodin             Michael Bunting          Samuel Poulin            10     1   2  2  

5 vs 5 Defense 
   Defense                  Defense                                           Time % Phy DF OF 
 1 Joonas Lyytinen          Kale Clague                                       40     1   2  2  
 2 Sebastian Ahaut          Philip Broberg                                    30     1   2  2  
 3 Simon Benoit             Braden Schneider                                  20     1   2  2  
 4 Simon Benoit             Brycen Martin                                     10     1   2  2  

PowerPlay Forward 
   Center                   Left Wing                Right Wing               Time % Phy DF OF 
 1 Pavel Kraskovsky         Anton Blidh              Yegor Sharangovich       60     1   2  2  
 2 Morgan Frost             Grigori Denisenko        Jack Studnicka           40     1   2  2  

PowerPlay Defense
   Defense                  Defense                                           Time % Phy DF OF 
 1 Kale Clague              Sebastian Ahaut                                   60     1   2  2  
 2 Simon Benoit             Joonas Lyytinen                                   40     1   2  2  

Penalty Kill 4 Players Forward 
   Center                   Wing                     Time % Phy DF OF 
 1 Pavel Kraskovsky         Anton Blidh              60     1   2  2  
 2 Yegor Sharangovich       Morgan Frost             40     1   2  2  

Penalty Kill 4 Players Defense
   Defense                  Defense                  Time % Phy DF OF 
 1 Joonas Lyytinen          Sebastian Ahaut          60     1   2  2  
 2 Kale Clague              Philip Broberg           40     1   2  2  

Penalty Kill - 3 Players Forward 
   Forward                                           Time % Phy DF OF 
 1 Pavel Kraskovsky                                  60     1   2  2  
 2 Anton Blidh                                       40     1   2  2  

Penalty Kill - 3 Players Defense
   Defense                  Defense                  Time % Phy DF OF 
 1 Joonas Lyytinen          Sebastian Ahaut          60     1   2  2  
 2 Kale Clague              Philip Broberg           40     1   2  2  

4 vs 4 Forward 
   Center                   Wing                     Time % Phy DF OF 
 1 Pavel Kraskovsky         Anton Blidh              60     1   2  2  
 2 Yegor Sharangovich       Morgan Frost             40     1   2  2  

4 vs 4 Defense
   Defense                  Defense                  Time % Phy DF OF 
 1 Joonas Lyytinen          Sebastian Ahaut          60     1   2  2  
 2 Simon Benoit             Kale Clague              40     1   2  2  

Last Minutes Offensive
   Center                   Left Wing                Right Wing               Defense                  Defense                  
   Pavel Kraskovsky         Anton Blidh              Yegor Sharangovich       Joonas Lyytinen          Kale Clague              

Last Minutes Defensive
   Center                   Left Wing                Right Wing               Defense                  Defense                  
   Pavel Kraskovsky         Anton Blidh              Yegor Sharangovich       Joonas Lyytinen          Kale Clague              

Goaltenders
Starting : Ivan Prosvetov           
Backup : Adam Werner              

Extra Forwards
Normal : Michael Bunting, Anton Lundell, Viktor Lodin - PP : Michael Bunting, Anton Lundell - PK : Viktor Lodin
Extra Defensemen
Normal : Brycen Martin, Braden Schneider, Simon Benoit - PP : Brycen Martin - PK : Braden Schneider, Simon Benoit
Penalty Shots
Pavel Kraskovsky, Anton Blidh, Yegor Sharangovich, Morgan Frost, Grigori Denisenko
Custom OT Lines Forwards
Pavel Kraskovsky, Anton Blidh, Yegor Sharangovich, Morgan Frost, Grigori Denisenko, Michael Bunting, Jack Studnicka, Anton Lundell, Viktor Lodin, Samuel Poulin
Custom OT Lines Defensemen
Joonas Lyytinen, Kale Clague, Sebastian Ahaut, Philip Broberg, Simon Benoit

Scratches
Riley Duran (Healthy), Scott Reedy (Healthy), Ian McCoshen (Healthy), Jack Ramsey (Healthy), Maxim Mamin (Healthy)
Conor Timmins (Healthy), Oskar Steen (Healthy), Nick Swaney (Healthy), Dominik Bokk (Healthy), Vladislav Kolyachonok (Healthy)
Philippe Desrosiers (Healthy)

Wolfpack

5 vs 5 Forward 
   Center                   Left Wing                Right Wing               Time % Phy DF OF 
 1 Nolan Patrick            Dryden Hunt              Owen Tippet              40     1   2  2  
 2 Tim Stutzle              Alexander Barabanov      Linus Sandin             30     1   2  2  
 3 Alex Barre-Boulet        Shane Pinto              Alexander Volkov         20     1   2  2  
 4 Jake Marchment           Yegor Korshkov           Andrei Altybarmakyan     10     1   2  2  

5 vs 5 Defense 
   Defense                  Defense                                           Time % Phy DF OF 
 1 K'Andre Miller           Cale Fleury                                       40     1   2  2  
 2 Joshua Jacobs            Andrew Peeke                                      30     1   2  2  
 3 Dante Fabbro             Dylan Samberg                                     20     1   2  2  
 4 K'Andre Miller           Cale Fleury                                       10     1   2  2  

PowerPlay Forward 
   Center                   Left Wing                Right Wing               Time % Phy DF OF 
 1 Nolan Patrick            Tim Stutzle              Owen Tippet              60     1   2  2  
 2 Alex Barre-Boulet        Alexander Barabanov      Shane Pinto              40     1   2  2  

PowerPlay Defense
   Defense                  Defense                                           Time % Phy DF OF 
 1 K'Andre Miller           Cale Fleury                                       60     1   2  2  
 2 Joshua Jacobs            Dryden Hunt                                       40     1   2  2  

Penalty Kill 4 Players Forward 
   Center                   Wing                     Time % Phy DF OF 
 1 Nolan Patrick            Dryden Hunt              60     1   2  2  
 2 Jake Marchment           Alexander Barabanov      40     1   2  2  

Penalty Kill 4 Players Defense
   Defense                  Defense                  Time % Phy DF OF 
 1 K'Andre Miller           Cale Fleury              60     1   2  2  
 2 Joshua Jacobs            Andrew Peeke             40     1   2  2  

Penalty Kill - 3 Players Forward 
   Forward                                           Time % Phy DF OF 
 1 Nolan Patrick                                     60     1   2  2  
 2 Jake Marchment                                    40     1   2  2  

Penalty Kill - 3 Players Defense
   Defense                  Defense                  Time % Phy DF OF 
 1 K'Andre Miller           Cale Fleury              60     1   2  2  
 2 Joshua Jacobs            Andrew Peeke             40     1   2  2  

4 vs 4 Forward 
   Center                   Wing                     Time % Phy DF OF 
 1 Nolan Patrick            Dryden Hunt              60     1   2  2  
 2 Jake Marchment           Alexander Barabanov      40     1   2  2  

4 vs 4 Defense
   Defense                  Defense                  Time % Phy DF OF 
 1 K'Andre Miller           Cale Fleury              60     1   2  2  
 2 Joshua Jacobs            Andrew Peeke             40     1   2  2  

Last Minutes Offensive
   Center                   Left Wing                Right Wing               Defense                  Defense                  
   Nolan Patrick            Dryden Hunt              Owen Tippet              K'Andre Miller           Cale Fleury              

Last Minutes Defensive
   Center                   Left Wing                Right Wing               Defense                  Defense                  
   Nolan Patrick            Dryden Hunt              Owen Tippet              K'Andre Miller           Cale Fleury              

Goaltenders
Starting : Samuel Ersson            
Backup : Dustin Wolf              

Extra Forwards
Normal : Jake Marchment, Alex Barre-Boulet, Linus Sandin - PP : Jake Marchment, Alex Barre-Boulet - PK : Jake Marchment
Extra Defensemen
Normal : Andrew Peeke, Dante Fabbro, Dylan Samberg - PP : Andrew Peeke - PK : Andrew Peeke, Dante Fabbro
Penalty Shots
Nolan Patrick, Owen Tippet, Dryden Hunt, Alexander Barabanov, Jake Marchment
Custom OT Lines Forwards
Nolan Patrick, Owen Tippet, Dryden Hunt, Alexander Barabanov, Jake Marchment, Alex Barre-Boulet, Linus Sandin, Alexander Volkov, Andrei Altybarmakyan, Yegor Korshkov
Custom OT Lines Defensemen
K'Andre Miller, Cale Fleury, Joshua Jacobs, Andrew Peeke, Dante Fabbro

Scratches
Ridly Greig (Healthy), Ryan Poehling (Healthy), Mason Shaw (Healthy), Ben Jones (Healthy), Samuel Houde (Healthy)
Carter Savoie (Healthy), Mikhail Vorobyev (Healthy), Jeffrey Viel (Healthy), Jack Drury (Healthy), Jakub Lauko (Healthy)
Martin Kaut (Healthy), Mathias Laferriere (Healthy), Maxwell Crozier (Healthy), Will Francis (Healthy), Hugo Ollas (Healthy)

% Time on Ice - Griffins

Lines # - Real PCT - Wanted PCT - Time Play
Normal Forward
1 - 35% - 40% - 17:19
2 - 30% - 30% - 14:55
3 - 22% - 20% - 11:00
4 - 14% - 10% - 6:51
Normal Defense
1 - 41% - 40% - 20:20
2 - 32% - 30% - 16:01
3 - 19% - 20% - 9:21
4 - 9% - 10% - 4:23
PP Forward
1 - 81% - 60% - 3:12
2 - 19% - 40% - 0:46
PP Defense
1 - 81% - 60% - 3:12
2 - 19% - 40% - 0:46
PK Forward
1 - 69% - 60% - 4:05
2 - 31% - 40% - 1:52
PK Defense
1 - 60% - 60% - 3:34
2 - 40% - 40% - 2:23
PK3 Forward
1 - 0% - 60%
2 - 0% - 40%
PK3 Defense
1 - 0% - 60%
2 - 0% - 40%
44 Forward
1 - 0% - 60%
2 - 0% - 40%
44 Defense
1 - 0% - 60%
2 - 0% - 40%
Last Minute Offensive  - 0:00
Last Minute Defensive  - 0:00
Total
Forward - 60:00
Defense - 60:00

% Time on Ice - Wolfpack

Lines # - Real PCT - Wanted PCT - Time Play
Normal Forward
1 - 35% - 40% - 17:26
2 - 27% - 30% - 13:28
3 - 22% - 20% - 11:03
4 - 16% - 10% - 8:08
Normal Defense
1 - 38% - 40% - 19:16
2 - 32% - 30% - 16:09
3 - 27% - 20% - 13:21
4 - 3% - 10% - 1:19
PP Forward
1 - 55% - 60% - 3:16
2 - 45% - 40% - 2:41
PP Defense
1 - 68% - 60% - 4:01
2 - 32% - 40% - 1:56
PK Forward
1 - 100% - 60% - 3:58
2 - 0% - 40% - 0:00
PK Defense
1 - 45% - 60% - 1:48
2 - 55% - 40% - 2:10
PK3 Forward
1 - 0% - 60%
2 - 0% - 40%
PK3 Defense
1 - 0% - 60%
2 - 0% - 40%
44 Forward
1 - 0% - 60%
2 - 0% - 40%
44 Defense
1 - 0% - 60%
2 - 0% - 40%
Last Minute Offensive  - 0:00
Last Minute Defensive  - 0:00
Total
Forward - 60:00
Defense - 60:00

Play-by-Play

1st period


0:01 of 1st period - Pavel Kraskovsky wins face-off versus Nolan Patrick in neutral zone.
0:10 of 1st period - Wrist shot by Pavel Kraskovsky.
0:10 of 1st period - Stopped by Samuel Ersson with a rebound.
0:30 of 1st period - Slapshot by Alexander Barabanov.
0:30 of 1st period - Stopped by Ivan Prosvetov without a rebound.
0:31 of 1st period - Morgan Frost wins face-off versus Alexander Barabanov in Griffins zone.
1:02 of 1st period - Wrist shot by Linus Sandin.
1:02 of 1st period - Stopped by Ivan Prosvetov with a rebound.
1:34 of 1st period - Slapshot by Anton Blidh.
1:34 of 1st period - Shot Misses the Net.
1:36 of 1st period - Slapshot by Philip Broberg.
1:36 of 1st period - Stopped by Samuel Ersson without a rebound.
1:37 of 1st period - Alex Barre-Boulet wins face-off versus Anton Lundell in Wolfpack zone.
1:51 of 1st period - Icing by Braden Schneider.
1:52 of 1st period - Dryden Hunt wins face-off versus Anton Lundell in Griffins zone.
2:05 of 1st period - Snap shot by Nolan Patrick.
2:05 of 1st period - Shot Blocked by Braden Schneider.
2:17 of 1st period - Slapshot by Andrei Altybarmakyan.
2:17 of 1st period - Shot Hit the Post.
2:19 of 1st period - Snap shot by Jake Marchment.
2:19 of 1st period - Stopped by Ivan Prosvetov with a rebound.
2:21 of 1st period - Slapshot by Jake Marchment.
2:21 of 1st period - Goal by Jake Marchment - Griffins : 0 - Wolfpack : 1.
2:22 of 1st period - Nolan Patrick wins face-off versus Pavel Kraskovsky in neutral zone.
3:01 of 1st period - Off-side.
3:02 of 1st period - Jake Marchment wins face-off versus Anton Lundell in neutral zone.
3:12 of 1st period - Jake Marchment is hit by Will Cuylle and loses puck.
3:27 of 1st period - K'Andre Miller is hit by Grigori Denisenko and loses puck.
4:09 of 1st period - Wrist shot by Viktor Lodin.
4:09 of 1st period - Shot Misses the Net.
4:11 of 1st period - Slapshot by Viktor Lodin.
4:11 of 1st period - Stopped by Samuel Ersson without a rebound.
4:12 of 1st period - Nolan Patrick wins face-off versus Viktor Lodin in Wolfpack zone.
4:12 of 1st period - Nolan Patrick is hit by Kale Clague.
4:15 of 1st period - Minor Penalty to Dryden Hunt for Hooking.
4:16 of 1st period - Pavel Kraskovsky wins face-off versus Nolan Patrick in Wolfpack zone.
4:26 of 1st period - Slapshot by Pavel Kraskovsky.
4:26 of 1st period - Stopped by Samuel Ersson with a rebound.
4:28 of 1st period - Snap shot by Sebastian Ahaut.
4:28 of 1st period - Deflect By Pavel Kraskovsky.
4:28 of 1st period - Shot Misses the Net.
4:28 of 1st period - Puck is out of play.
4:29 of 1st period - Pavel Kraskovsky wins face-off versus Nolan Patrick in Wolfpack zone.
4:58 of 1st period - Nolan Patrick is hit by Anton Blidh and loses puck.
6:15 of 1st period - Penalty to Dryden Hunt is over, Dryden Hunt is back on ice.
6:42 of 1st period - Braden Schneider is hit by Jake Marchment and loses puck.
6:57 of 1st period - Minor Penalty to Samuel Poulin for Hooking.
6:58 of 1st period - Nolan Patrick wins face-off versus Viktor Lodin in Griffins zone.
7:21 of 1st period - Alex Barre-Boulet is hit by Joonas Lyytinen and loses puck.
8:28 of 1st period - Joonas Lyytinen is hit by Nolan Patrick and loses puck.
8:39 of 1st period - Joonas Lyytinen is hit by Alexander Barabanov.
8:55 of 1st period - Pavel Kraskovsky is hit by Dryden Hunt and loses puck.
8:57 of 1st period - Penalty to Samuel Poulin is over, Samuel Poulin is back on ice.
10:10 of 1st period - Shane Pinto is hit by Jack Studnicka and loses puck.
11:08 of 1st period - Andrew Peeke is hit by Pavel Kraskovsky and loses puck.
11:46 of 1st period - Wrist shot by Shane Pinto.
11:46 of 1st period - Stopped by Ivan Prosvetov without a rebound.
11:47 of 1st period - Morgan Frost wins face-off versus Alex Barre-Boulet in Griffins zone.
12:08 of 1st period - Cale Fleury is hit by Grigori Denisenko.
12:24 of 1st period - Minor Penalty to Kale Clague for Cross-checking.
12:25 of 1st period - Nolan Patrick wins face-off versus Pavel Kraskovsky in Griffins zone.
13:12 of 1st period - Slapshot by Nolan Patrick.
13:12 of 1st period - Shot Hit the Post.
13:14 of 1st period - Slapshot by K'Andre Miller.
13:14 of 1st period - Stopped by Ivan Prosvetov without a rebound.
13:15 of 1st period - Pavel Kraskovsky wins face-off versus Nolan Patrick in Griffins zone.
13:45 of 1st period - Icing by Shane Pinto.
13:46 of 1st period - Alex Barre-Boulet wins face-off versus Pavel Kraskovsky in Wolfpack zone.
14:24 of 1st period - Penalty to Kale Clague is over, Kale Clague is back on ice.
14:26 of 1st period - Snap shot by Morgan Frost.
14:26 of 1st period - Stopped by Samuel Ersson without a rebound.
14:27 of 1st period - Nolan Patrick wins face-off versus Yegor Sharangovich in Wolfpack zone.
14:42 of 1st period - Wrist shot by Dryden Hunt.
14:42 of 1st period - Stopped by Ivan Prosvetov with a rebound.
15:16 of 1st period - Snap shot by Alexander Volkov.
15:16 of 1st period - Stopped by Ivan Prosvetov without a rebound.
15:17 of 1st period - Alex Barre-Boulet wins face-off versus Anton Lundell in Griffins zone.
15:18 of 1st period - Wrist shot by Alexander Volkov.
15:18 of 1st period - Shot Misses the Net.
15:22 of 1st period - Wrist shot by Alex Barre-Boulet.
15:22 of 1st period - Shot Misses the Net.
15:24 of 1st period - Snap shot by Shane Pinto.
15:24 of 1st period - Shot Blocked by Will Cuylle.
15:26 of 1st period - Backhand shot by Alexander Volkov.
15:26 of 1st period - Shot Misses the Net.
15:28 of 1st period - Slapshot by Alex Barre-Boulet.
15:28 of 1st period - Shot Blocked by Simon Benoit.
15:30 of 1st period - Snap shot by Alex Barre-Boulet.
15:30 of 1st period - Shot Misses the Net.
15:32 of 1st period - Slapshot by Cale Fleury.
15:32 of 1st period - Deflect By Simon Benoit.
15:32 of 1st period - Stopped by Ivan Prosvetov without a rebound.
15:33 of 1st period - Nolan Patrick wins face-off versus Pavel Kraskovsky in Griffins zone.
15:48 of 1st period - Wrist shot by Dryden Hunt.
15:48 of 1st period - Goal by Dryden Hunt - Griffins : 0 - Wolfpack : 2.
15:49 of 1st period - Nolan Patrick wins face-off versus Pavel Kraskovsky in neutral zone.
15:53 of 1st period - K'Andre Miller is hit by Joonas Lyytinen and loses puck.
16:11 of 1st period - Minor Penalty to Grigori Denisenko for Hooking.
16:12 of 1st period - Pavel Kraskovsky wins face-off versus Nolan Patrick in Griffins zone.
16:27 of 1st period - Snap shot by Pavel Kraskovsky.
16:27 of 1st period - Stopped by Samuel Ersson with a rebound.
16:39 of 1st period - Cale Fleury is hit by Yegor Sharangovich and loses puck.
18:11 of 1st period - Penalty to Grigori Denisenko is over, Grigori Denisenko is back on ice.
18:14 of 1st period - Backhand shot by Andrei Altybarmakyan.
18:14 of 1st period - Deflect By Jake Marchment.
18:14 of 1st period - Stopped by Ivan Prosvetov with a rebound.
18:16 of 1st period - Wrist shot by Jake Marchment.
18:16 of 1st period - Shot Misses the Net.
18:18 of 1st period - Wrist shot by Jake Marchment.
18:18 of 1st period - Shot Blocked by Joonas Lyytinen.
18:20 of 1st period - Slapshot by Jake Marchment.
18:20 of 1st period - Goal by Jake Marchment - Griffins : 0 - Wolfpack : 3.
18:21 of 1st period - Pavel Kraskovsky wins face-off versus Alex Barre-Boulet in neutral zone.
19:02 of 1st period - Joshua Jacobs is hit by Alex Laferriere and loses puck.
19:25 of 1st period - Snap shot by Tim Stutzle.
19:25 of 1st period - Deflect By Linus Sandin.
19:25 of 1st period - Shot Blocked by Anton Lundell.
19:25 of 1st period - Puck is out of play.
19:26 of 1st period - Pavel Kraskovsky wins face-off versus Shane Pinto in Griffins zone.
19:51 of 1st period - K'Andre Miller is hit by Alex Laferriere and loses puck.
Goals for this period are 0 for Griffins vs 3 for Wolfpack.
Shots for this period are 6 for Griffins vs 12 for Wolfpack.

2nd period


0:01 of 2nd period - Nolan Patrick wins face-off versus Pavel Kraskovsky in neutral zone.
0:06 of 2nd period - Wrist shot by Nolan Patrick.
0:06 of 2nd period - Deflect By Dryden Hunt.
0:06 of 2nd period - Stopped by Ivan Prosvetov with a rebound.
0:45 of 2nd period - Snap shot by Tim Stutzle.
0:45 of 2nd period - Stopped by Ivan Prosvetov with a rebound.
0:47 of 2nd period - Wrist shot by Shane Pinto.
0:47 of 2nd period - Stopped by Ivan Prosvetov with a rebound.
0:49 of 2nd period - Slapshot by Cale Fleury.
0:49 of 2nd period - Shot Misses the Net.
0:51 of 2nd period - Snap shot by Shane Pinto.
0:51 of 2nd period - Stopped by Ivan Prosvetov with a rebound.
0:53 of 2nd period - Snap shot by Alex Barre-Boulet.
0:53 of 2nd period - Stopped by Ivan Prosvetov with a rebound.
1:09 of 2nd period - Michael Bunting is hit by Andrew Peeke and loses puck.
1:40 of 2nd period - Snap shot by Nolan Patrick.
1:40 of 2nd period - Stopped by Ivan Prosvetov with a rebound.
1:42 of 2nd period - Snap shot by Owen Tippet.
1:42 of 2nd period - Shot Misses the Net.
2:25 of 2nd period - Wrist shot by Anton Blidh.
2:25 of 2nd period - Stopped by Samuel Ersson without a rebound.
2:26 of 2nd period - Pavel Kraskovsky wins face-off versus Nolan Patrick in Wolfpack zone.
3:56 of 2nd period - Snap shot by Linus Sandin.
3:56 of 2nd period - Stopped by Ivan Prosvetov with a rebound.
4:33 of 2nd period - Dylan Samberg is hit by Joonas Lyytinen and loses puck.
4:46 of 2nd period - Braden Schneider is hit by Dante Fabbro and loses puck.
5:22 of 2nd period - Snap shot by Andrei Altybarmakyan.
5:22 of 2nd period - Shot Misses the Net.
5:36 of 2nd period - Anton Blidh is hit by Jake Marchment and loses puck.
6:05 of 2nd period - Wrist shot by Anton Blidh.
6:05 of 2nd period - Shot Blocked by Jake Marchment.
6:29 of 2nd period - Backhand shot by Yegor Korshkov.
6:29 of 2nd period - Shot Misses the Net.
6:31 of 2nd period - Slapshot by Dylan Samberg.
6:31 of 2nd period - Stopped by Ivan Prosvetov with a rebound.
6:33 of 2nd period - Slapshot by Yegor Korshkov.
6:33 of 2nd period - Shot Hit the Post.
6:35 of 2nd period - Wrist shot by Jake Marchment.
6:35 of 2nd period - Goal by Jake Marchment - Griffins : 0 - Wolfpack : 4.
6:36 of 2nd period - Nolan Patrick wins face-off versus Pavel Kraskovsky in neutral zone.
7:42 of 2nd period - Philip Broberg is hit by Dryden Hunt.
8:07 of 2nd period - Icing by Dylan Samberg.
8:08 of 2nd period - Tim Stutzle wins face-off versus Viktor Lodin in Wolfpack zone.
8:15 of 2nd period - Wrist shot by Linus Sandin.
8:15 of 2nd period - Shot Misses the Net.
8:20 of 2nd period - Off-side.
8:21 of 2nd period - Pavel Kraskovsky wins face-off versus Nolan Patrick in neutral zone.
9:27 of 2nd period - Off-side.
9:28 of 2nd period - Nolan Patrick wins face-off versus Pavel Kraskovsky in neutral zone.
10:00 of 2nd period - Wrist shot by Morgan Frost.
10:00 of 2nd period - Shot Blocked by Linus Sandin.
10:02 of 2nd period - Slapshot by Joonas Lyytinen.
10:02 of 2nd period - Shot Blocked by Joshua Jacobs.
10:04 of 2nd period - Slapshot by Joonas Lyytinen.
10:04 of 2nd period - Shot Misses the Net.
10:40 of 2nd period - Snap shot by Michael Bunting.
10:40 of 2nd period - Shot Misses the Net.
10:42 of 2nd period - Wrist shot by Viktor Lodin.
10:42 of 2nd period - Shot Blocked by Joshua Jacobs.
10:44 of 2nd period - Snap shot by Viktor Lodin.
10:44 of 2nd period - Shot Misses the Net.
11:00 of 2nd period - Snap shot by Pavel Kraskovsky.
11:00 of 2nd period - Shot Misses the Net.
11:02 of 2nd period - Snap shot by Grigori Denisenko.
11:02 of 2nd period - Stopped by Samuel Ersson with a rebound.
11:30 of 2nd period - Linus Sandin is hit by Anton Blidh and loses puck.
11:49 of 2nd period - Snap shot by Jack Studnicka.
11:49 of 2nd period - Shot Misses the Net.
11:51 of 2nd period - Slapshot by Sebastian Ahaut.
11:51 of 2nd period - Stopped by Samuel Ersson without a rebound.
11:52 of 2nd period - Pavel Kraskovsky wins face-off versus Nolan Patrick in Wolfpack zone.
11:53 of 2nd period - Snap shot by Grigori Denisenko.
11:53 of 2nd period - Stopped by Samuel Ersson with a rebound.
12:48 of 2nd period - Wrist shot by Anton Blidh.
12:48 of 2nd period - Stopped by Samuel Ersson with a rebound.
13:03 of 2nd period - Snap shot by Michael Bunting.
13:03 of 2nd period - Stopped by Samuel Ersson without a rebound.
13:04 of 2nd period - Nolan Patrick wins face-off versus Pavel Kraskovsky in Wolfpack zone.
13:09 of 2nd period - Philip Broberg is hit by Nolan Patrick and loses puck.
13:59 of 2nd period - Joonas Lyytinen is hit by Alexander Barabanov and loses puck.
14:20 of 2nd period - Slapshot by Kale Clague.
14:20 of 2nd period - Stopped by Samuel Ersson with a rebound.
15:29 of 2nd period - Wrist shot by Anton Lundell.
15:29 of 2nd period - Shot Misses the Net.
15:31 of 2nd period - Snap shot by Anton Lundell.
15:31 of 2nd period - Shot Misses the Net.
15:45 of 2nd period - Snap shot by Owen Tippet.
15:45 of 2nd period - Deflect By Nolan Patrick.
15:45 of 2nd period - Stopped by Ivan Prosvetov with a rebound.
15:47 of 2nd period - Slapshot by Andrew Peeke.
15:47 of 2nd period - Stopped by Ivan Prosvetov without a rebound.
15:48 of 2nd period - Owen Tippet wins face-off versus Pavel Kraskovsky in Griffins zone.
16:03 of 2nd period - Icing by Cale Fleury.
16:04 of 2nd period - Morgan Frost wins face-off versus Nolan Patrick in Wolfpack zone.
16:07 of 2nd period - Wrist shot by Morgan Frost.
16:07 of 2nd period - Stopped by Samuel Ersson with a rebound.
16:09 of 2nd period - Snap shot by Anton Blidh.
16:09 of 2nd period - Shot Misses the Net.
16:11 of 2nd period - Wrist shot by Anton Blidh.
16:11 of 2nd period - Stopped by Samuel Ersson with a rebound.
16:22 of 2nd period - Icing by K'Andre Miller.
16:23 of 2nd period - Nolan Patrick wins face-off versus Pavel Kraskovsky in Wolfpack zone.
16:32 of 2nd period - Wrist shot by Pavel Kraskovsky.
16:32 of 2nd period - Goal by Pavel Kraskovsky - Griffins : 1 - Wolfpack : 4.
16:33 of 2nd period - Pavel Kraskovsky wins face-off versus Nolan Patrick in neutral zone.
17:17 of 2nd period - Wrist shot by Alexander Volkov.
17:17 of 2nd period - Goal by Alexander Volkov - Griffins : 1 - Wolfpack : 5.
17:17 of 2nd period - Adam Werner enters game.
17:18 of 2nd period - Pavel Kraskovsky wins face-off versus Nolan Patrick in neutral zone.
17:27 of 2nd period - Wrist shot by Yegor Sharangovich.
17:27 of 2nd period - Stopped by Samuel Ersson with a rebound.
18:06 of 2nd period - Snap shot by Jack Studnicka.
18:06 of 2nd period - Stopped by Samuel Ersson with a rebound.
18:08 of 2nd period - Wrist shot by Jack Studnicka.
18:08 of 2nd period - Shot Blocked by Cale Fleury.
18:10 of 2nd period - Wrist shot by Anton Lundell.
18:10 of 2nd period - Shot Misses the Net.
18:12 of 2nd period - Slapshot by Anton Lundell.
18:12 of 2nd period - Shot Misses the Net.
18:14 of 2nd period - Wrist shot by Anton Lundell.
18:14 of 2nd period - Stopped by Samuel Ersson without a rebound.
18:15 of 2nd period - Yegor Sharangovich wins face-off versus Owen Tippet in Wolfpack zone.
18:40 of 2nd period - Cale Fleury is hit by Anton Blidh and loses puck.
18:49 of 2nd period - Slapshot by Morgan Frost.
18:49 of 2nd period - Stopped by Samuel Ersson without a rebound.
18:50 of 2nd period - Pavel Kraskovsky wins face-off versus Nolan Patrick in Wolfpack zone.
19:42 of 2nd period - Wrist shot by Jack Studnicka.
19:42 of 2nd period - Shot Blocked by Joshua Jacobs.
19:44 of 2nd period - Snap shot by Jack Studnicka.
19:44 of 2nd period - Shot Misses the Net.
19:46 of 2nd period - Slapshot by Kale Clague.
19:46 of 2nd period - Stopped by Samuel Ersson with a rebound.
19:48 of 2nd period - Snap shot by Anton Lundell.
19:48 of 2nd period - Stopped by Samuel Ersson without a rebound.
19:49 of 2nd period - Nolan Patrick wins face-off versus Pavel Kraskovsky in Wolfpack zone.
Goals for this period are 1 for Griffins vs 2 for Wolfpack.
Shots for this period are 16 for Griffins vs 12 for Wolfpack.

3rd period


0:01 of 3rd period - Pavel Kraskovsky wins face-off versus Nolan Patrick in neutral zone.
0:06 of 3rd period - Snap shot by Grigori Denisenko.
0:06 of 3rd period - Deflect By Yegor Sharangovich.
0:06 of 3rd period - Stopped by Samuel Ersson without a rebound.
0:07 of 3rd period - Nolan Patrick wins face-off versus Pavel Kraskovsky in Wolfpack zone.
0:16 of 3rd period - Wrist shot by Grigori Denisenko.
0:16 of 3rd period - Goal by Grigori Denisenko - Griffins : 2 - Wolfpack : 5.
0:17 of 3rd period - Nolan Patrick wins face-off versus Grigori Denisenko in neutral zone.
0:20 of 3rd period - Slapshot by K'Andre Miller.
0:20 of 3rd period - Stopped by Adam Werner without a rebound.
0:21 of 3rd period - Pavel Kraskovsky wins face-off versus Nolan Patrick in Griffins zone.
0:28 of 3rd period - Slapshot by Joonas Lyytinen.
0:28 of 3rd period - Shot Blocked by K'Andre Miller.
0:30 of 3rd period - Slapshot by Grigori Denisenko.
0:30 of 3rd period - Shot Hit the Post.
0:48 of 3rd period - Anton Blidh is hit by Alexander Barabanov.
1:20 of 3rd period - Slapshot by Kale Clague.
1:20 of 3rd period - Shot Misses the Net.
1:30 of 3rd period - Yegor Sharangovich is hit by Andrei Altybarmakyan and loses puck.
2:30 of 3rd period - Snap shot by Jack Studnicka.
2:30 of 3rd period - Stopped by Samuel Ersson with a rebound.
2:32 of 3rd period - Wrist shot by Philip Broberg.
2:32 of 3rd period - Stopped by Samuel Ersson with a rebound.
2:58 of 3rd period - Off-side.
2:59 of 3rd period - Nolan Patrick wins face-off versus Pavel Kraskovsky in neutral zone.
3:06 of 3rd period - Snap shot by Dryden Hunt.
3:06 of 3rd period - Stopped by Adam Werner without a rebound.
3:07 of 3rd period - Nolan Patrick wins face-off versus Pavel Kraskovsky in Griffins zone.
3:18 of 3rd period - Slapshot by Joonas Lyytinen.
3:18 of 3rd period - Shot Misses the Net.
3:20 of 3rd period - Wrist shot by Pavel Kraskovsky.
3:20 of 3rd period - Stopped by Samuel Ersson with a rebound.
3:34 of 3rd period - Morgan Frost is hit by Alexander Barabanov and loses puck.
3:55 of 3rd period - Slapshot by Alex Barre-Boulet.
3:55 of 3rd period - Shot Misses the Net.
4:33 of 3rd period - Pavel Kraskovsky is hit by Dryden Hunt and loses puck.
4:46 of 3rd period - Wrist shot by Nolan Patrick.
4:46 of 3rd period - Deflect By Dryden Hunt.
4:46 of 3rd period - Shot Misses the Net.
4:46 of 3rd period - Puck is out of play.
4:47 of 3rd period - Anton Blidh wins face-off versus Tim Stutzle in Griffins zone.
5:21 of 3rd period - Off-side.
5:22 of 3rd period - Tim Stutzle wins face-off versus Pavel Kraskovsky in neutral zone.
5:27 of 3rd period - Slapshot by Linus Sandin.
5:27 of 3rd period - Stopped by Adam Werner without a rebound.
5:28 of 3rd period - Tim Stutzle wins face-off versus Grigori Denisenko in Griffins zone.
5:49 of 3rd period - Off-side.
5:50 of 3rd period - Dryden Hunt wins face-off versus Anton Blidh in neutral zone.
6:22 of 3rd period - Grigori Denisenko is hit by Alexander Volkov and loses puck.
6:55 of 3rd period - Dylan Samberg is hit by Viktor Lodin and loses puck.
7:06 of 3rd period - Slapshot by Viktor Lodin.
7:06 of 3rd period - Shot Blocked by Dylan Samberg.
7:29 of 3rd period - Icing by Anton Blidh.
7:30 of 3rd period - Tim Stutzle wins face-off versus Morgan Frost in Griffins zone.
8:04 of 3rd period - Snap shot by Nolan Patrick.
8:04 of 3rd period - Stopped by Adam Werner without a rebound.
8:05 of 3rd period - Pavel Kraskovsky wins face-off versus Tim Stutzle in Griffins zone.
8:53 of 3rd period - Alexander Volkov is hit by Anton Lundell and loses puck.
8:58 of 3rd period - Slapshot by Kale Clague.
8:58 of 3rd period - Stopped by Samuel Ersson with a rebound.
9:00 of 3rd period - Slapshot by Will Cuylle.
9:00 of 3rd period - Goal by Will Cuylle - Griffins : 3 - Wolfpack : 5.
9:01 of 3rd period - Yegor Sharangovich wins face-off versus Nolan Patrick in neutral zone.
9:01 of 3rd period - Yegor Sharangovich is hit by Nolan Patrick.
9:23 of 3rd period - Minor Penalty to Dryden Hunt for Tripping.
9:24 of 3rd period - Jake Marchment wins face-off versus Pavel Kraskovsky in Wolfpack zone.
9:38 of 3rd period - Off-side.
9:39 of 3rd period - Nolan Patrick wins face-off versus Pavel Kraskovsky in neutral zone.
10:04 of 3rd period - Grigori Denisenko is hit by Alexander Barabanov and loses puck.
10:33 of 3rd period - Icing by Anton Blidh.
10:34 of 3rd period - Pavel Kraskovsky wins face-off versus Jake Marchment in Griffins zone.
11:23 of 3rd period - Penalty to Dryden Hunt is over, Dryden Hunt is back on ice.
12:48 of 3rd period - Pavel Kraskovsky is hit by Joshua Jacobs and loses puck.
13:07 of 3rd period - Wrist shot by Andrei Altybarmakyan.
13:07 of 3rd period - Shot Misses the Net.
13:23 of 3rd period - Snap shot by Pavel Kraskovsky.
13:23 of 3rd period - Stopped by Samuel Ersson without a rebound.
13:24 of 3rd period - Anton Lundell wins face-off versus Alex Barre-Boulet in Wolfpack zone.
13:31 of 3rd period - Wrist shot by Jack Studnicka.
13:31 of 3rd period - Shot Blocked by Cale Fleury.
13:33 of 3rd period - Slapshot by Sebastian Ahaut.
13:33 of 3rd period - Stopped by Samuel Ersson with a rebound.
13:35 of 3rd period - Slapshot by Will Cuylle.
13:35 of 3rd period - Shot Misses the Net.
13:37 of 3rd period - Wrist shot by Anton Lundell.
13:37 of 3rd period - Shot Misses the Net.
13:39 of 3rd period - Wrist shot by Jack Studnicka.
13:39 of 3rd period - Shot Misses the Net.
14:22 of 3rd period - Wrist shot by Andrei Altybarmakyan.
14:22 of 3rd period - Shot Blocked by Kale Clague.
14:24 of 3rd period - Slapshot by Andrew Peeke.
14:24 of 3rd period - Shot Blocked by Morgan Frost.
14:26 of 3rd period - Wrist shot by Andrew Peeke.
14:26 of 3rd period - Shot Misses the Net.
14:38 of 3rd period - Wrist shot by Tim Stutzle.
14:38 of 3rd period - Stopped by Adam Werner without a rebound.
14:39 of 3rd period - Alexander Barabanov wins face-off versus Anton Lundell in Griffins zone.
14:40 of 3rd period - Snap shot by Tim Stutzle.
14:40 of 3rd period - Stopped by Adam Werner with a rebound.
15:04 of 3rd period - Yegor Sharangovich is hit by Dante Fabbro and loses puck.
15:17 of 3rd period - Wrist shot by Owen Tippet.
15:17 of 3rd period - Stopped by Adam Werner with a rebound.
15:53 of 3rd period - Off-side.
15:54 of 3rd period - Anton Lundell wins face-off versus Tim Stutzle in neutral zone.
16:03 of 3rd period - Snap shot by Andrew Peeke.
16:03 of 3rd period - Shot Blocked by Sebastian Ahaut.
16:05 of 3rd period - Snap shot by Alexander Barabanov.
16:05 of 3rd period - Stopped by Adam Werner with a rebound.
16:07 of 3rd period - Wrist shot by Andrew Peeke.
16:07 of 3rd period - Shot Misses the Net.
16:19 of 3rd period - Yegor Sharangovich is hit by Dryden Hunt and loses puck.
17:20 of 3rd period - Philip Broberg is hit by Nolan Patrick and loses puck.
19:43 of 3rd period - Kale Clague is hit by Alexander Volkov and loses puck.
Goals for this period are 2 for Griffins vs 0 for Wolfpack.
Shots for this period are 9 for Griffins vs 8 for Wolfpack. Output by the SimonT Hockey Simulator (STHS) for Francois Prevost - Original Page W3C HTML5 Valid
Hockey Simulator - Hockey Simulation - Hockey Manager